 Dungeon Crawl Stone Soup version 0.31-a0-654-gbe3e110b4e (console) character file.

Game seed: 18333234334022124708

13941 jejorda2 the Cleaver (level 12, -9/97 HPs)
             Began as a Gnoll Berserker on Aug 29, 2023.
             Was a Priest of Trog.
             Mangled by a catoblepas (23 damage)
             ... on level 2 of the Lair of Beasts.
             The game lasted 00:32:08 (11420 turns).

jejorda2 the Cleaver (Gnoll Berserker)             Turns: 11420, Time: 00:32:08

Health: -9/97      AC: 32    Str: 24    XL:     12   Next: 11%
Magic:  22/22      EV:  9    Int:  7    God:    Trog [***...]
Gold:   674        SH:  0    Dex: 11    Spells: 25/25 levels left

rFire   . . .        a - +0 battleaxe (protect)
rCold   . . .        (shield currently unavailable)
rNeg    . . .        G - +0 plate armour
rPois   .            p - +2 helmet
rElec   +            i - +0 cloak
rCorr   +            e - +0 pair of gloves
SInv    .            g - +0 pair of boots of Quick the Leaf {rElec Str+2 Stlth-}
Will    .....        n - amulet of faith Stlth
                     D - +4 ring of protection
HPRegen 0.36/turn    f - ring of resist corrosion
MPRegen 0.18/turn

%: faith
@: under a protective aura, on berserk cooldown, slowed, very slow
A: fangs 1, strong nose, distributed training
a: Renounce Religion, Berserk, Trog's Hand


You were on level 2 of the Lair of Beasts.
You worshipped Trog.
Trog was most pleased with you.
You visited 2 branches of the dungeon, and saw 12 of its levels.
You also visited: Ossuary.

You collected 959 gold pieces.
You spent 285 gold pieces at shops.

Inventory:

Hand Weapons
 a - a +0 battleaxe of protection (weapon)
 b - a +0 dire flail
Missiles
 m - 38 poisoned darts (quivered)
 q - 8 boomerangs
 B - 7 javelins
 F - a throwing net
Armour
 e - a +0 pair of gloves (worn)
 g - the +0 pair of boots of Quick the Leaf (worn) {rElec Str+2 Stlth-}
   (You bought it in a shop on level 2 of the Dungeon)

   Str+2:     It affects your strength (+2).
   rElec:     It insulates you from electricity.
   Stlth-:    It makes you less stealthy.
 i - a +0 cloak (worn)
 p - a +2 helmet (worn)
 C - a +3 scale mail of cold resistance
 G - a +0 plate armour (worn)
Jewellery
 f - a ring of resist corrosion (right hand)
 n - an amulet of faith (around neck)
 o - an amulet of guardian spirit
 x - the ring of Maoxeh {Ice rCorr Str+3 Int+4}
   (You found it on level 5 of the Dungeon)

   [ring of ice]

   Ice:       It enhances your ice magic.
   Str+3:     It affects your strength (+3).
   Int+4:     It affects your intelligence (+4).
   rF-:       It makes you vulnerable to fire.
   rC+:       It protects you from cold.
   rCorr:     It protects you from acid and corrosion.
 D - a +4 ring of protection (left hand)
Wands
 d - a wand of mindburst (10)
 w - a wand of flame (40)
 y - a wand of roots (12)
Scrolls
 l - 5 scrolls of teleportation
 u - 2 scrolls of fog
 z - 2 scrolls of enchant armour
 A - 2 scrolls of revelation
 H - 2 scrolls of enchant weapon
Potions
 c - 2 potions of might
 h - 3 potions of lignification
 j - a potion of mutation
 k - 9 potions of curing
 r - 2 potions of berserk rage
 s - a potion of enlightenment
 t - 2 potions of attraction
 v - a potion of haste


   Skills:
 + Level 9.7 Fighting
 + Level 7.1 Short Blades
 + Level 7.1 Long Blades
 + Level 9.7 Axes
 + Level 7.1 Maces & Flails
 + Level 7.1 Polearms
 + Level 7.1 Staves
 + Level 7.1 Ranged Weapons
 + Level 7.1 Throwing
 + Level 8.5 Armour
 + Level 8.5 Dodging
 + Level 7.1 Stealth
 + Level 7.1 Shields
 + Level 7.1 Unarmed Combat
 + Level 7.1 Spellcasting
 + Level 5.9 Conjurations
 + Level 5.9 Hexes
 + Level 5.9 Summonings
 + Level 5.9 Necromancy
 + Level 5.9 Translocations
 + Level 5.9 Transmutations
 + Level 5.9 Fire Magic
 + Level 5.9 Ice Magic
 + Level 5.9 Air Magic
 + Level 5.9 Earth Magic
 + Level 5.9 Poison Magic
 + Level 7.8 Invocations
 + Level 7.1 Evocations
 + Level 6.4 Shapeshifting


You had 25 spell levels left.
You didn't know any spells.
Your spell library was empty.

Dungeon Overview and Level Annotations

Branches:
Dungeon (10/15)            Temple (0/1) D:7            Lair (1/5) D:10
    Orc (0/2) D:9         Ossuary (visited)

Altars:
Ashenzari
Dithmenos
Elyvilon
Fedhas
Gozag
Kikubaaqudgha
Makhleb
Nemelex Xobeh
Okawaru
Qazlal
Ru
Sif Muna
Uskayaw
Vehumet
Wu Jian
The Shining One

Shops:
D:2 [[(

Annotations:
D:4 3 runed translucent doors, Age's ghost, novice MiFi


Innate Abilities, Weirdness & Mutations

You have very sharp teeth.
Your uncanny sense of smell can sniff out nearby items.
Your experience applies equally to all skills.


Message History

The catoblepas gores you but does no damage.
You are engulfed in calcifying dust.
The catoblepas gores you but does no damage.
You are engulfed in calcifying dust.
The catoblepas breathes a plume of calcifying dust at you.
The blast of calcifying dust hits you.
You are engulfed in calcifying dust.
You are no longer berserk.
You feel yourself slow down.
You feel the effects of Trog's Hand fading.
The basilisk is no longer petrified.
The catoblepas gores you!
* * * LOW HITPOINT WARNING * * *
The catoblepas gores you but does no damage.
The basilisk bites you but does no damage.
The catoblepas gores you but does no damage.
The basilisk gazes at you. You resist with almost no effort.
The basilisk bites you.
* * * LOW HITPOINT WARNING * * *
The catoblepas gores you but does no damage.
The catoblepas completely misses you. The basilisk gazes at you.
You resist with almost no effort.
You turn to flesh and can move again.
Unknown command.
Unknown command.
Unknown command.
You hit the catoblepas.
Your weapon exudes an aura of protection.
The catoblepas is heavily wounded.
You barely miss the basilisk.
Your skin stops crawling.
You feel less strong-willed. The basilisk barely misses you.
The catoblepas gores you!
* * * LOW HITPOINT WARNING * * *
You slash the catoblepas!
The catoblepas is severely wounded.
You barely miss the basilisk. The basilisk gazes at you.
You resist with some effort. The catoblepas gores you!!
You die...

#...#...#.#...#........
#.P.....#.#...#......#....
....#.<..............#....
........#............P...#
..#.#...#................
................#.##.P....
........P.......#.##.#....
......#P.........l........
..#...#.P.......@Y.#......
..#................# .....
..P... ........#.#..#....
.... ..................
.... ........#........#
..#. ........#....#^..#
... ......#......P...#
......#........... ..
#/........


You could see a catoblepas and a basilisk.

Vanquished Creatures
  An entropy weaver (shapeshifter) (D:10)
  A hydra (D:10)
  3 two-headed ogres
  A centaur warrior (D:10)
  A boulder beetle (D:10)
  Urug (Lair:2)
  A deep elf pyromancer (D:10)
  A cyclops (D:10)
  2 komodo dragons (D:10)
  A troll (D:8)
  A hornet (D:10)
  2 wyverns (D:10)
  6 yaks
  A steam dragon (D:6)
  3 wargs (D:10)
  A water moccasin (D:5)
  An acid dragon (D:10)
  4 orc warriors (D:10)
  A sky beast (D:8)
  5 ice beasts
  4 ogres (D:5)
  3 wolves (D:8)
  2 centaurs
  3 kobold brigands
  2 elf zombies
  4 bullfrogs
  A gnoll sergeant (D:9)
  4 scorpions
  2 elf skeletons (D:8)
  A wight (D:10)
  14 killer bees
  A vampire bat (D:5)
  2 howler monkeys
  2 centaur zombies (Ossuary)
  3 jellies
  3 human zombies (Ossuary)
  4 orc priests
  A gnoll bouda (D:7)
  2 human skeletons (D:8)
  7 hounds
  A sleepcap (D:6)
  Jessica (D:3)
  5 iguanas
  13 orc wizards
  3 mummies (Ossuary)
  10 gnolls
  9 adders
  A white imp (D:5)
  4 adder zombies (Ossuary)
  2 worms
  3 dart slugs
  38 orcs
  5 ball pythons
  10 bats
  2 bat skeletons (D:5)
  2 bat zombies (D:5)
  9 endoplasms
  3 giant cockroaches
  A gnoll zombie (Ossuary)
  7 goblins
  6 hobgoblins
  6 jackals
  6 quokkas
  6 frilled lizards
  3 goblin zombies (Ossuary)
  3 hobgoblin zombies (Ossuary)
  4 jackal zombies (Ossuary)
  16 kobolds
  3 kobold zombies (Ossuary)
  An orc skeleton (D:8)
  An orc zombie (Ossuary)
  5 quokka zombies (Ossuary)
  5 rats
  4 rat zombies (Ossuary)
301 creatures vanquished.

Vanquished Creatures (collateral kills)
  An efreet (D:10)
  2 yaks (D:8)
  A wyvern (D:10)
  Grum (D:8)
5 creatures vanquished.

Vanquished Creatures (others)
  A manticore (D:10)
1 creature vanquished.

Grand Total: 307 creatures vanquished

Notes
Turn   | Place    | Note
-------+----------+-------------------------------------------
     0 | D:1      | jejorda2 the Gnoll Berserker began the quest for the Orb.
     0 | D:1      | Reached XP level 1. HP: 23/23 MP: 1/1
   109 | D:1      | Reached XP level 2. HP: 28/29 MP: 2/2
   476 | D:1      | Reached XP level 3. HP: 34/35 MP: 3/3
   672 | D:1      | Reached ** piety under Trog
   736 | D:2      | Found Fenk's Antique Armour Emporium.
   740 | D:2      | Reached skill level 1 in Invocations
   825 | D:2      | Reached skill level 1 in Short Blades
   825 | D:2      | Reached skill level 1 in Long Blades
   825 | D:2      | Reached skill level 1 in Maces & Flails
   825 | D:2      | Reached skill level 1 in Polearms
   825 | D:2      | Reached skill level 1 in Staves
   825 | D:2      | Reached skill level 1 in Ranged Weapons
   825 | D:2      | Reached skill level 1 in Throwing
   825 | D:2      | Reached skill level 1 in Stealth
   825 | D:2      | Reached skill level 1 in Shields
   825 | D:2      | Reached skill level 1 in Unarmed Combat
   825 | D:2      | Reached skill level 1 in Spellcasting
   825 | D:2      | Reached skill level 1 in Evocations
  1000 | D:2      | Reached XP level 4. HP: 40/41 MP: 5/5
  1018 | D:2      | Reached skill level 1 in Shapeshifting
  1094 | D:2      | Found Buxaak's Antique Armour Emporium.
  1184 | D:2      | Reached skill level 1 in Conjurations
  1184 | D:2      | Reached skill level 1 in Hexes
  1184 | D:2      | Reached skill level 1 in Summonings
  1184 | D:2      | Reached skill level 1 in Necromancy
  1184 | D:2      | Reached skill level 1 in Translocations
  1184 | D:2      | Reached skill level 1 in Transmutations
  1184 | D:2      | Reached skill level 1 in Fire Magic
  1184 | D:2      | Reached skill level 1 in Ice Magic
  1184 | D:2      | Reached skill level 1 in Air Magic
  1184 | D:2      | Reached skill level 1 in Earth Magic
  1184 | D:2      | Reached skill level 1 in Poison Magic
  1198 | D:2      | Found Ofeist's Weapon Emporium.
  1474 | D:3      | Reached XP level 5. HP: 40/47 MP: 5/7
  1641 | D:3      | Reached *** piety under Trog
  2022 | D:3      | Noticed Jessica
  2054 | D:3      | Killed Jessica
  2057 | D:3      | Reached XP level 6. HP: 51/53 MP: 8/8
  2342 | D:3      | Found the +7 Throatcutter {drain, coup de grace}
  2353 | D:3      | Reached skill level 5 in Armour
  2353 | D:3      | Reached skill level 5 in Dodging
  2444 | D:3      | Found an iron altar of Okawaru.
  2890 | D:4      | Found a sparkling altar of Nemelex Xobeh.
  2931 | D:4      | Found a runed translucent gate.
  2932 | D:4      | Found a runed translucent gate.
  2995 | D:4      | Noticed a water moccasin
  2998 | D:4      | Found a runed translucent gate.
  2998 | D:4      | Noticed Age's ghost (novice MiFi)
  3284 | D:4      | Reached XP level 7. HP: 59/59 MP: 10/10
  3347 | D:5      | Entered Level 5 of the Dungeon
  3580 | D:5      | Found a blossoming altar of Fedhas.
  3656 | D:5      | Found an opulent altar of Gozag.
  3730 | D:5      | Noticed a yak
  3730 | D:5      | Noticed a yak
  3730 | D:5      | Noticed a yak
  3737 | D:5      | Noticed a yak
  3738 | D:5      | Noticed a yak
  3749 | D:5      | Killed a yak
  3750 | D:5      | Reached XP level 8. HP: 67/67 MP: 12/12
  3758 | D:5      | Killed a yak
  3760 | D:5      | Killed a yak
  3764 | D:5      | Killed a yak
  3766 | D:5      | Killed a yak
  3766 | D:5      | Reached **** piety under Trog
  3919 | D:5      | Found a shimmering blue altar of Sif Muna.
  3958 | D:5      | Reached XP level 9. HP: 54/73 MP: 14/14
  4252 | D:5      | Found an ancient bone altar of Kikubaaqudgha.
  4516 | D:5      | Identified the ring of Maoxeh {Ice rCorr Str+3 Int+4}
  5059 | D:6      | Found a stormy altar of Qazlal.
  5251 | D:6      | Found a white marble altar of Elyvilon.
  5274 | D:6      | Reached skill level 5 in Invocations
  5540 | D:2      | Bought a pair of heavily runed boots for 285 gold pieces
  5540 | D:2      | Identified the +0 pair of boots of Quick the Leaf {rElec
                  | Str+2 Stlth-} (You bought it in a shop on level 2 of the
                  | Dungeon)
  6212 | D:5      | Found a broken altar of Ashenzari.
  6212 | D:5      | Found an ornate altar of the Wu Jian Council.
  6354 | D:7      | Found a staircase to the Ecumenical Temple.
  6498 | D:7      | Reached XP level 10. HP: 74/80 MP: 17/17
  6684 | D:7      | Reached skill level 5 in Short Blades
  6684 | D:7      | Reached skill level 5 in Long Blades
  6684 | D:7      | Reached skill level 5 in Maces & Flails
  6684 | D:7      | Reached skill level 5 in Polearms
  6684 | D:7      | Reached skill level 5 in Staves
  6684 | D:7      | Reached skill level 5 in Ranged Weapons
  6684 | D:7      | Reached skill level 5 in Throwing
  6684 | D:7      | Reached skill level 5 in Stealth
  6684 | D:7      | Reached skill level 5 in Shields
  6684 | D:7      | Reached skill level 5 in Unarmed Combat
  6684 | D:7      | Reached skill level 5 in Spellcasting
  6684 | D:7      | Reached skill level 5 in Evocations
  6865 | D:7      | Identified the +2 ring mail of Delightful Brilliance {Fly
                  | rF- rN++ Stlth+}
  6973 | D:7      | Found a hide-covered altar of Uskayaw.
  7103 | D:8      | Found a sacrificial altar of Ru.
  7149 | D:8      | Noticed Grum
  7163 | D:8      | Killed Grum
  7170 | D:8      | Found a radiant altar of Vehumet.
  7433 | D:8      | Found a sand-covered staircase.
  7441 | Ossuary  | Entered an ossuary
  7561 | Ossuary  | Reached skill level 5 in Shapeshifting
  7658 | Ossuary  | Reached ***** piety under Trog
  7857 | D:8      | Noticed a two-headed ogre
  7867 | D:8      | Killed a two-headed ogre
  7919 | D:8      | Found a shadowy altar of Dithmenos.
  8593 | D:9      | Found a staircase to the Orcish Mines.
  8911 | D:9      | Reached XP level 11. HP: 87/87 MP: 19/19
  9401 | D:10     | Entered Level 10 of the Dungeon
  9453 | D:10     | Found a burning altar of Makhleb.
  9453 | D:10     | Noticed a balrug
  9598 | D:10     | Reached skill level 5 in Conjurations
  9598 | D:10     | Reached skill level 5 in Hexes
  9598 | D:10     | Reached skill level 5 in Summonings
  9598 | D:10     | Reached skill level 5 in Necromancy
  9598 | D:10     | Reached skill level 5 in Translocations
  9598 | D:10     | Reached skill level 5 in Transmutations
  9598 | D:10     | Reached skill level 5 in Fire Magic
  9598 | D:10     | Reached skill level 5 in Ice Magic
  9598 | D:10     | Reached skill level 5 in Air Magic
  9598 | D:10     | Reached skill level 5 in Earth Magic
  9598 | D:10     | Reached skill level 5 in Poison Magic
  9689 | D:10     | Noticed a two-headed ogre
  9691 | D:10     | Found a staircase to the Lair.
  9698 | D:10     | Killed a two-headed ogre
  9830 | D:10     | Noticed a centaur warrior
  9830 | D:10     | Noticed a boulder beetle
  9830 | D:10     | Noticed a four-headed hydra
  9830 | D:10     | Noticed an entropy weaver
  9830 | D:10     | Noticed a manticore
  9831 | D:10     | Noticed a deep elf pyromancer
  9834 | D:10     | Identified a scroll of acquirement
  9834 | D:10     | Acquired 357 gold pieces
  9839 | D:10     | Killed a deep elf pyromancer
  9847 | D:10     | Killed a four-headed hydra
  9852 | D:10     | Killed an entropy weaver
  9855 | D:10     | Killed a manticore
 10228 | D:10     | Killed a centaur warrior
 10434 | D:10     | Noticed a cyclops
 10441 | D:10     | Killed a cyclops
 10585 | D:10     | Noticed a two-headed ogre
 10815 | D:10     | Killed a two-headed ogre
 11078 | D:10     | Killed a boulder beetle
 11079 | D:10     | Reached XP level 12. HP: 97/97 MP: 22/22
 11174 | D:10     | Found a glowing golden altar of the Shining One.
 11264 | Lair:1   | Entered Level 1 of the Lair of Beasts
 11282 | Lair:1   | You fall into a shaft and drop 1 floor!
 11283 | Lair:2   | Noticed Urug
 11298 | Lair:2   | Killed Urug
 11383 | Lair:2   | Noticed a catoblepas
 11420 | Lair:2   | Mangled by a catoblepas

Illustrated notes

Levels and vault maps discovered:
D:1:      minmay_arrival_four_loops, layout_basic
D:2:      layout_rooms, serial_shops, nicolae_shop_dealshenge, shop_statue,
          nicolae_shop_behind_doors, minmay_quadrilaterals
D:3:      layout_loops_corners, general_overflow_altar, minivault_19,
          dilly_guarded_unrand_throatcut, uniq_jessica
D:4:      layout_gridville, mainiacjoe_overflow_24_doors, gammafunk_ghost_split
D:5:      minmay_chambers_of_threes, layout_loops_ring, lemuel_doored_altar,
          kennysheep_vampire_church, nicolae_overflow_hidden_temple
D:6:      layout_basic, elyvilon_altar_4, marbit_many_paths
D:7:      layout_rooms, nicolae_uskayaw_murder_on_the_dancefloor,
          minmay_temple_entry_offerings, hex_intersection
D:8:      layout_basic, mainiacjoe_overflow_surrounded_room,
          nicolae_vehumet_altar_sigil, nicolae_dithmenos_the_darkroom,
          nicolae_ossuary_entry_catacombs, uniq_grum
D:9:      layout_long_grid, orc_0_dummy, eino_curves_01
D:10:     layout_irregular_city, tso_oasis_becter, makhleb_altar_promises_db,
          erik_lair_orcish_takeover, nicolae_kite_square_tiling_tiny,
          minmay_the_grid_2x2 [minmay_the_grid_broken_lines,
          minmay_the_grid_garden, minmay_the_grid_outer_diamond,
          minmay_the_grid_prize_big_room]
Lair:1:   layout_regular_city, ebering_ghost_reflecting_pool, grunt_megastairs_3
Lair:2:   layout_long_grid, minmay_shoals_entry_lonely_mermaid,
          spider_nest_entry_a, serial_bayou_shore_b, uniq_urug

Skill      XL: |  1  2  3  4  5  6  7  8  9 10 11 |
---------------+----------------------------------+-----
Invocations    | 1 2 3 4 5 6 7 |  7.8
Short Blades   | 1 2 3 4 5 7 |  7.1
Long Blades    | 1 2 3 4 5 7 |  7.1
Maces & Flails | 1 2 3 4 5 7 |  7.1
Polearms       | 1 2 3 4 5 7 |  7.1
Staves         | 1 2 3 4 5 7 |  7.1
Ranged Weapons | 1 2 3 4 5 7 |  7.1
Throwing       | 1 2 3 4 5 7 |  7.1
Stealth        | 1 2 3 4 5 7 |  7.1
Shields        | 1 2 3 4 5 7 |  7.1
Unarmed Combat | 1 2 3 4 5 7 |  7.1
Spellcasting   | 1 2 3 4 5 7 |  7.1
Evocations     | 1 2 3 4 5 7 |  7.1
Shapeshifting  | 1 2 3 4 5 6 |  6.4
Conjurations   | 1 2 3 4 5 |  5.9
Hexes          | 1 2 3 4 5 |  5.9
Summonings     | 1 2 3 4 5 |  5.9
Necromancy     | 1 2 3 4 5 |  5.9
Translocations | 1 2 3 4 5 |  5.9
Transmutations | 1 2 3 4 5 |  5.9
Fire Magic     | 1 2 3 4 5 |  5.9
Ice Magic      | 1 2 3 4 5 |  5.9
Air Magic      | 1 2 3 4 5 |  5.9
Earth Magic    | 1 2 3 4 5 |  5.9
Poison Magic   | 1 2 3 4 5 |  5.9
Armour         | 5 6 7 8 |  8.5
Dodging        | 5 6 7 8 |  8.5
Fighting       | 7 8 9 |  9.7
Axes           | 7 8 9 |  9.7

Action                     |  1- 3 |  4- 6 |  7- 9 | 10-12 || total
---------------------------+-------+-------+-------+-------++-------
  Melee: Hand axe          |    98 |   154 |       |       ||   252
         Bite              |     6 |    17 |    22 |    57 ||   102
         Punch             |       |     1 |       |       ||     1
         Long sword        |       |    18 |   171 |       ||   189
         War axe           |       |       |    62 |    69 ||   131
         Broad axe         |       |       |       |   309 ||   309
         Battleaxe         |       |       |       |    94 ||    94
         Dire flail        |       |       |       |    21 ||    21
  Throw: Dart              |       |       |     5 |    15 ||    20
 Invoke: Berserk           |       |     2 |     7 |    16 ||    25
         Trog's Hand       |       |       |     1 |     9 ||    10
         Brothers in Arms  |       |       |       |     2 ||     2
  Evoke: Wand              |       |       |       |     8 ||     8
    Use: Scroll            |       |       |    17 |     7 ||    24
         Potion            |       |       |       |     4 ||     4
   Stab: Sleeping          |     3 |     1 |     2 |       ||     6
         Distracted        |       |       |     1 |       ||     1
         Petrified         |       |       |       |     1 ||     1
 Armour: Animal skin       |    11 |       |       |       ||    11
         Leather armour    |    10 |    15 |       |       ||    25
         Ring mail         |       |    31 |    45 |       ||    76
         Scale mail        |       |       |    41 |   153 ||   194
         Plate armour      |       |       |       |   218 ||   218
  Dodge: Dodged            |    71 |    77 |   131 |   275 ||   554
  Block: Buckler           |       |    22 |    53 |   100 ||   175

Table legend: (Time is in decaauts)
 A = Elapsed time spent in this place.
 B = Non-inter-level travel time spent in this place.
 C = Inter-level travel time spent in this place.
 D = Time resting spent in this place.
 E = Time spent auto-exploring this place.
 F = Levels seen in this place.
 G = Mean time per level.
                   A        B        C        D        E       F      G
               +--------+--------+--------+--------+--------+-----+--------+
         Total |  11769 |  10844 |    925 |    965 |   7210 |  13 |  905.3 |
       Dungeon |  11242 |  10318 |    924 |    931 |   6962 |  10 | 1124.2 |
          Lair |    167 |    167 |      0 |     34 |     65 |   2 |   83.5 |
       Ossuary |    359 |    359 |      0 |      0 |    183 |   1 |  359.0 |
               +--------+--------+--------+--------+--------+-----+--------+

Top non-repeatable levels by time:
    D:10: 1806 daAuts
     D:5: 1579 daAuts
     D:9: 1269 daAuts
     D:3: 1268 daAuts
     D:6: 1215 daAuts
     D:8: 942 daAuts
     D:7: 847 daAuts
     D:4: 807 daAuts
     D:2: 772 daAuts
     D:1: 734 daAuts
 Ossuary: 359 daAuts
  Lair:2: 149 daAuts
  Lair:1: 17 daAuts
